 Dungeon Crawl Stone Soup version 0.19-a0-36-g4a0968a (webtiles) character file.

7464 tyvek the Commander (level 10, -4/118 HPs)
             Began as a Demonspawn Fighter on May 4, 2016.
             Was a High Priest of Okawaru.
             Slain by Snorg (13 damage)
             ... on level 10 of the Dungeon.
             The game lasted 00:15:42 (10016 turns).

tyvek the Commander (Demonspawn Fighter)           Turns: 10016, Time: 00:15:42

Health: -4/118     AC: 17    Str: 26    XL:     10   Next: 94%
Magic:  16/16      EV: 11    Int:  9    God:    Okawaru [*****.]
Gold:   400        SH: 12    Dex: 17    Spells: 0 memorised, 9 levels left

rFire  . . .     SeeInvis .     k - +2 mace (venom)
rCold  + . .     Gourm    .     n - +2 chain mail {rC+}
rNeg   . . .     Faith    .     c - +0 shield
rPois  +         Spirit   .     (no helmet)
rElec  .         Dismiss  .     d - +0 cloak {rPois}
rCorr  .         Reflect  .     (no gloves)
SustAt .         Harm     .     (no boots)
MR     .....                    (no amulet)
Stlth  ..........               (no ring)
                                (no ring)

@: mighty, agile, berserking, very quick, not resistant to hostile enchantments,
extremely unstealthy
A: hooves 2, molten scales 2, powered by pain 3
a: Heroism, Finesse, Renounce Religion


You were on level 10 of the Dungeon.
You worshipped Okawaru.
Okawaru was extremely pleased with you.
You were not hungry.

You visited 1 branch of the dungeon, and saw 10 of its levels.

You collected 400 gold pieces.

Inventory:

Hand Weapons
 k - a +2 mace of venom (weapon)
   (You took it off an orc on level 3 of the Dungeon)
Armour
 c - a +0 shield (worn)
 d - a +0 cloak of poison resistance (worn)
   (You found it on level 7 of the Dungeon)
 n - a +2 chain mail of cold resistance (worn)
   (You found it on level 2 of the Dungeon)
Scrolls
 e - a scroll of identify
 i - 2 scrolls of teleportation
 p - a scroll of fear
 u - 2 scrolls of magic mapping {!r}
 w - a scroll of enchant weapon
 x - a scroll of blinking {!r}
Potions
 h - 2 potions of ambrosia
 l - a potion of resistance
 m - a potion of haste
 r - a potion of curing
 t - a potion of agility
Books
 a - a book of the Tempests
   (You found it on level 4 of the Dungeon)
 v - a Necronomicon
   (You found it on level 8 of the Dungeon)
Comestibles
 b - 3 slices of pizza
 f - 7 bread rations {@e1}
 g - a royal jelly
 o - 12 fruits
 q - 3 meat rations {@e2}


   Skills:
 + Level 7.5 Fighting
 * Level 8.6 Maces & Flails
 + Level 7.3 Armour
 + Level 7.2 Shields
 + Level 8.8 Invocations


You had 9 spell levels left.
You didn't know any spells.

Dungeon Overview and Level Annotations

Branches:
Dungeon (10/15)            Temple (0/1) D:7            Lair (0/8) D:8
    Orc: D:9-12

Altars:
Dithmenos
Kikubaaqudgha
Okawaru
Sif Muna
Yredelemnul

Shops:
D:5 ([(?   D:6 %

Annotations:
D:10 Snorg


Innate Abilities, Weirdness & Mutations

You have hoof-like feet.
You are mostly covered in molten scales (AC +3, EV -1).
You are powered by pain.


Message History

The jelly barely misses you. You block the wasp zombie's attack.
You thump Snorg!
Snorg is poisoned.
You kick Snorg, but do no damage. The jelly completely misses you.
Snorg bites you! You block Snorg's attack. x2
The wasp zombie barely misses you.
You take 8 damage, and have 71/79 hp.
You sock Snorg! You kick Snorg. You block the jelly's attack.
The wasp zombie hits you. You block Snorg's attack. Snorg claws you.
Snorg claws you but does no damage.
You take 8 damage, and have 63/79 hp.
Your chain mail prevents you from hitting Snorg.
The wasp zombie hits you but does no damage.
The jelly hits you but does no damage. Snorg bites you.
You block Snorg's attack. Snorg claws you.
You take 10 damage, and have 53/79 hp.
You hit Snorg. You kick Snorg, but do no damage.
The wasp zombie hits you but does no damage.
The jelly hits you but does no damage. You block Snorg's attack.
Snorg claws you. Snorg completely misses you.
The phantom blinks!
The wasp zombie hits you.
You take 8 damage, and have 45/79 hp.
You are too injured to fight recklessly!
You are too injured to fight recklessly!
You are too injured to fight recklessly!
You are too injured to fight recklessly!
You are too injured to fight recklessly!
You are too injured to fight recklessly!
You are too injured to fight recklessly!
You are too injured to fight recklessly!
You are too injured to fight recklessly!
You are too injured to fight recklessly!
You are too injured to fight recklessly!
You are too injured to fight recklessly!
You are too injured to fight recklessly!
You are too injured to fight recklessly!
You are too injured to fight recklessly!
You are too injured to fight recklessly!
Unknown command.
You block Snorg's attack. Snorg claws you. Snorg claws you but does no damage.
There is a stone staircase leading up, spattered with blood here.
You take 6 damage, and have 39/79 hp.
You hit the jelly.
Your hands burn!
You kick the jelly.
The wasp zombie hits you but does no damage.
The jelly hits you but does no damage. You block Snorg's attack.
Snorg claws you but does no damage. x2; The wasp zombie hits you.
You take 3 damage, and have 36/79 hp.
You hit the jelly.
Your hands burn!
The jelly hits you but does no damage. You block Snorg's attack.
Snorg completely misses you. Snorg barely misses you.
The phantom blinks!
The wasp zombie hits you but does no damage.
You take 3 damage, and have 33/79 hp.
You sock the jelly!
You kill the jelly!
Okawaru accepts your kill.
Snorg goes berserk!
The wasp zombie hits you but does no damage.
You hit the wasp zombie but do no damage.
Your kick misses the wasp zombie. Snorg bites you but does no damage.
Snorg claws you but does no damage. x2; You block the wasp zombie's attack.
You block Snorg's attack. Snorg barely misses you. You block Snorg's attack.
You thump the wasp zombie! Your kick misses the wasp zombie.
The wasp zombie hits you but does no damage.
Snorg bites you! You block Snorg's attack. Snorg claws you!
* * * LOW HITPOINT WARNING * * *
The wasp zombie hits you but does no damage.
You take 22 damage, and have 11/79 hp.
MASSIVE DAMAGE!!
Drink which item? (? for menu, Esc to quit)
You can't drink that!
Unknown command.
Unknown command.
Drink which item? (? for menu, Esc to quit)
You feel much better. Snorg bites you but does no damage.
Snorg claws you but does no damage. You block Snorg's attack.
You block the wasp zombie's attack. Snorg bites you but does no damage.
Snorg claws you!
* * * LOW HITPOINT WARNING * * *
You focus on the pain.
You feel agile all of a sudden. Snorg claws you.
* * * LOW HITPOINT WARNING * * *
You regained 6 hp, and now have 17/79 hp.
Drink which item? (? for menu, Esc to quit)
Okay, then.
Drink which item? (? for menu, Esc to quit)
Really quaff
j - a potion of berserk rage {!q}?
A red film seems to cover your vision as you go berserk!
You feel yourself moving faster!
You feel mighty! You block the wasp zombie's attack. You block Snorg's attack.
Snorg claws you.
* * * LOW HITPOINT WARNING * * *
Snorg claws you!
* * * LOW HITPOINT WARNING * * *
You focus on the pain.
You feel very mighty all of a sudden.
You now have 8/118 hp.
You closely miss Snorg. Your kick misses Snorg.
You block the wasp zombie's attack. Snorg barely misses you.
You block Snorg's attack. Snorg claws you but does no damage.
You barely miss Snorg. You block Snorg's attack.
Snorg claws you but does no damage. Snorg claws you!
You die...

## ## ##. ..
.. #. .# #
#.##. .##
##...##....
#....[...#
#..@W....#
#.Z.T....#
#........#
#/.......#
#........#
#..........
[.........#
.....#.#....
.#...........


You could see Snorg (berserk), a phantom and a wasp zombie.

Vanquished Creatures
  A tengu warrior (D:9)
  Pikel (D:8)
  A tengu conjurer (D:9)
  A basilisk (D:8)
  Menkaure (D:7)
  A soldier ant (D:8)
  5 porcupines (D:8)
  3 orc warriors
  2 sky beasts
  2 ice beasts (D:9)
  2 black bears (D:8)
  4 phantoms
  5 centaurs
  2 ogres
  2 crocodiles (D:8)
  2 big kobolds (D:8)
  3 giant frogs
  Blork the orc (D:5)
  3 gnoll sergeants
  5 scorpions
  8 wights
  4 howler monkeys
  7 jellies
  A crimson imp (D:6)
  A centaur zombie (D:9)
  3 hounds
  A giant frog skeleton (D:7)
  8 orc priests
  A centaur skeleton (D:9)
  9 orc wizards
  Crazy Yiuf (D:5)
  Natasha (thrice) (D:2)
  4 iguanas
  7 worker ants
  8 sheep (D:8)
  A hound skeleton (D:4)
  A howler monkey zombie (D:7)
  A worker ant zombie (D:9)
  10 gnolls
  12 adders
  4 river rats (D:8)
  2 shadow imps
  An ooze (D:6)
  An adder skeleton (D:6)
  3 worms
  2 dart slugs (D:3)
  9 giant geckos
  29 orcs
  A ball python (D:4)
  4 giant cockroaches
  6 goblins
  14 hobgoblins
  14 jackals
  16 kobolds
  4 quokkas
  9 bats
  A giant gecko skeleton (D:7)
  4 giant newts
  A jackal skeleton (D:4)
  2 quokka skeletons
  10 rats
  A spectral orc (D:6)
276 creatures vanquished.

Vanquished Creatures (others)
  4 slaves (D:8)
  A giant frog (D:8)
  A wight (D:8)
  An iguana (D:8)
  A river rat (D:8)
  A giant cockroach (D:8)
  A fungus (D:8)
  5 plants (D:8)
15 creatures vanquished.

Grand Total: 291 creatures vanquished

Notes
Turn   | Place    | Note
--------------------------------------------------------------
     0 | D:1      | tyvek the Demonspawn Fighter began the quest for the Orb.
     0 | D:1      | Reached XP level 1. HP: 18/18 MP: 1/1
   156 | D:1      | Gained mutation: You sometimes gain a little power by taking damage. [demonic ancestry]
   156 | D:1      | Reached XP level 2. HP: 23/24 MP: 2/2
   202 | D:1      | Reached skill level 3 in Shields
   637 | D:1      | Reached skill level 3 in Armour
   775 | D:2      | Found an iron altar of Okawaru.
   793 | D:2      | Became a worshipper of Warmaster Okawaru
   829 | D:2      | Gained mutation: You are partially covered in molten scales (AC +1). [demonic ancestry]
   829 | D:2      | Reached XP level 3. HP: 28/29 MP: 3/3
   896 | D:2      | HP: 7/29 [rat (2)]
   906 | D:2      | Reached skill level 2 in Maces & Flails
   940 | D:2      | Found a shadowy altar of Dithmenos.
  1173 | D:2      | Noticed Natasha
  1180 | D:2      | Killed Natasha
  1197 | D:2      | Gained mutation: You have large cloven feet. [demonic ancestry]
  1197 | D:2      | Reached XP level 4. HP: 10/35 MP: 4/4
  1539 | D:2      | Reached skill level 1 in Invocations
  1556 | D:2      | Noticed Natasha
  1563 | D:2      | Killed Natasha
  1728 | D:2      | Noticed Natasha
  1733 | D:2      | Killed Natasha
  1733 | D:2      | Reached XP level 5. HP: 39/42 MP: 6/6
  1908 | D:3      | Found an ancient bone altar of Kikubaaqudgha.
  2164 | D:3      | HP: 4/42 [orc priest/nerve-wracking pain (12)]
  2165 | D:3      | Reached skill level 2 in Invocations
  2168 | D:3      | Reached * piety under Okawaru
  2171 | D:3      | HP: 2/63 [something (2)]
  2491 | D:3      | Reached skill level 4 in Fighting
  2491 | D:3      | Gained mutation: You are mostly covered in molten scales (AC +3, EV -1). [demonic ancestry]
  2491 | D:3      | Reached XP level 6. HP: 44/48 MP: 6/8
  2634 | D:3      | Reached skill level 3 in Invocations
  2918 | D:4      | Reached skill level 4 in Shields
  2981 | D:4      | Reached skill level 3 in Maces & Flails
  2981 | D:4      | Reached skill level 4 in Armour
  3204 | D:4      | Gained mutation: You sometimes gain power by taking damage. [demonic ancestry]
  3204 | D:4      | Reached XP level 7. HP: 55/55 MP: 9/9
  3482 | D:5      | Entered Level 5 of the Dungeon
  3497 | D:5      | Found Hiwnauwaets's Armour Emporium.
  3503 | D:5      | Reached skill level 4 in Invocations
  3585 | D:5      | Found Ijowob's Antique Weapon Boutique.
  3626 | D:5      | Noticed Crazy Yiuf
  3633 | D:5      | Killed Crazy Yiuf
  3717 | D:5      | Found Zyehiuq's Magic Scroll Emporium.
  3821 | D:5      | Noticed Blork the orc
  3833 | D:5      | Killed Blork the orc
  3872 | D:5      | Reached ** piety under Okawaru
  3872 | D:5      | Reached skill level 5 in Fighting
  3882 | D:5      | Gained mutation: You have hoof-like feet. [demonic ancestry]
  3882 | D:5      | Reached XP level 8. HP: 57/62 MP: 11/11
  3921 | D:5      | Reached skill level 4 in Maces & Flails
  3951 | D:5      | Found Taget's Antique Weapon Emporium.
  4092 | D:6      | Reached skill level 5 in Shields
  4092 | D:6      | Reached skill level 5 in Invocations
  4112 | D:6      | Reached skill level 5 in Armour
  4283 | D:6      | Found a deep blue altar of Sif Muna.
  4394 | D:6      | Found Vubeylob's Food Emporium.
  4419 | D:6      | Reached skill level 5 in Maces & Flails
  5003 | D:6      | Reached skill level 6 in Invocations
  5011 | D:6      | Found a basalt altar of Yredelemnul.
  5056 | D:6      | HP: 16/64 [poisoned by a worker ant]
  5414 | D:6      | Reached XP level 9. HP: 67/69 MP: 13/13
  5519 | D:7      | Reached *** piety under Okawaru
  5705 | D:7      | Noticed Menkaure
  5713 | D:7      | Killed Menkaure
  5725 | D:7      | Reached skill level 6 in Maces & Flails
  5872 | D:7      | Reached skill level 6 in Fighting
  6010 | D:7      | Found a staircase to the Ecumenical Temple.
  6158 | D:7      | Reached skill level 6 in Armour
  6690 | D:8      | Reached skill level 6 in Shields
  7061 | D:8      | Reached **** piety under Okawaru
  7061 | D:8      | Reached skill level 7 in Invocations
  7141 | D:8      | Reached skill level 7 in Maces & Flails
  7439 | D:8      | Gained mutation: You are powered by pain. [demonic ancestry]
  7439 | D:8      | Reached XP level 10. HP: 38/77 MP: 15/15
  8085 | D:8      | Noticed Pikel
  8091 | D:8      | Killed Pikel
  8091 | D:8      | Reached ***** piety under Okawaru
  8091 | D:8      | Reached skill level 7 in Fighting
  8169 | D:8      | HP: 17/79 [acid (5)]
  8172 | D:8      | Received a gift from Okawaru
  8172 | D:8      | Reached skill level 8 in Invocations
  8447 | D:8      | Found a staircase to the Lair.
  8497 | D:8      | Reached skill level 8 in Maces & Flails
  8549 | D:8      | Reached skill level 7 in Armour
  9397 | D:9      | Reached skill level 7 in Shields
  9578 | D:9      | Noticed a tengu warrior
  9595 | D:9      | Killed a tengu warrior
  9600 | D:9      | HP: 11/79 [tengu conjurer/lance of force[a tengu warrior] (14)]
  9600 | D:9      | HP: 2/79 [worker ant zombie collision[a tengu warrior] (9)]
  9994 | D:10     | Entered Level 10 of the Dungeon
  9995 | D:10     | Noticed Snorg
 10012 | D:10     | HP: 11/79 [Snorg (16)]
 10016 | D:10     | Slain by Snorg

Vault maps used:
D:1:      minmay_arrival_plants_in_alcoves
D:2:      grunt_dithmenos_smoke_and_mirrors, okawaru_gym_becter, uniq_natasha
D:3:      kiku_gazebo_pond_becter, first_bread, kennysheep_generic_room_11
D:5:      serial_shops, shop, shop, shop, nicolae_shop_waterfront,
          wad_floor_pattern_2, uniq_crazy_yiuf_cottage, uniq_blork_the_orc
D:6:      yredelemnul_forgotten_temple_becter, serial_shops, nicolae_shop_stone,
          led_sif_book
D:7:      temple_statues, uniq_menkaure
D:8:      minmay_lair_entry_grove, uniq_pikel
D:10:     hangedman_tree_tricks, uniq_snorg

Skill      XL: |  1  2  3  4  5  6  7  8  9 10 |
---------------+-------------------------------+-----
Shields        | 3 4 5 6 7 |  7.2
Armour         | 3 4 5 6 7 |  7.3
Maces & Flails | 2 3 5 7 8 |  8.6
Invocations    | 1 2 3 4 6 7 8 |  8.8
Fighting       | 4 5 6 7 |  7.5

Action                   |  1- 3 |  4- 6 |  7- 9 | 10-12 || total
-------------------------+-------+-------+-------+-------++-------
Melee: Flail             |   113 |    85 |       |       ||   198
       Kick              |       |    47 |   134 |    82 ||   263
       Mace              |       |   140 |   457 |   237 ||   834
       Morningstar       |       |       |       |    80 ||    80
Invok: Heroism           |       |       |       |     1 ||     1
  Use: Scroll            |       |     9 |     5 |     2 ||    16
       Potion            |       |     5 |     2 |     4 ||    11
  Eat: Chunk             |     1 |     8 |     6 |     5 ||    20
       Bread ration      |       |       |     2 |     1 ||     3
       Beef jerky        |       |       |     1 |       ||     1
Armor: Scale mail        |    64 |       |       |       ||    64
       Chain mail        |       |   174 |   257 |   247 ||   678
Dodge: Dodged            |    48 |    42 |    76 |    84 ||   250
Block: Shield            |    63 |   121 |   209 |   217 ||   610
       Buckler           |       |       |    20 |       ||    20

Vault maps used:
D:1:      minmay_arrival_plants_in_alcoves
D:2:      grunt_dithmenos_smoke_and_mirrors, okawaru_gym_becter, uniq_natasha
D:3:      kiku_gazebo_pond_becter, first_bread, kennysheep_generic_room_11
D:5:      serial_shops, shop, shop, shop, nicolae_shop_waterfront,
          wad_floor_pattern_2, uniq_crazy_yiuf_cottage, uniq_blork_the_orc
D:6:      yredelemnul_forgotten_temple_becter, serial_shops, nicolae_shop_stone,
          led_sif_book
D:7:      temple_statues, uniq_menkaure
D:8:      minmay_lair_entry_grove, uniq_pikel
D:10:     hangedman_tree_tricks, uniq_snorg

Table legend:
 A = Turns spent in this place as a percentage of turns spent in the entire game.
 B = Non-inter-level travel turns spent in this place as a percentage of non-inter-level travel turns spent in the entire game.
 C = Inter-level travel turns spent in this place as a percentage of turns spent in this place.
 D = Turns resting spent in this place as a percentage of non-inter-level travel turns spent in this place.
 E = Turns spent auto-exploring this place as a percentage of non-inter-level travel turns spent in this place.
 F = Non-inter-level travel turns spent in this place divided by the number of levels of this place that you've seen.
                   A       B       C       D       E      F
               +-------+-------+-------+-------+-------+----------------------
         Total | 100.0 | 100.0 |   0.3 |   2.2 |   7.6 | 422.7
       Dungeon | 100.0 | 100.0 |   0.3 |   2.2 |   7.6 | 422.7
               +-------+-------+-------+-------+-------+----------------------

Table legend:
 A = Kills in this place as a percentage of kills in entire the game.
 B = Kills by you in this place as a percentage of kills by you in the entire game.
 C = Kills by friends in this place as a percentage of kills by friends in the entire game.
 D = Other kills in this place as a percentage of other kills in the entire game.
 E = Experience gained in this place as a percentage of experience gained in the entire game.
 F = Experience gained in this place divided by the number of levels of this place that you have seen.
                   A       B       C       D       E      F
               +-------+-------+-------+-------+-------+----------------------
         Total | 100.0 | 100.0 |  -nan | 100.0 | 100.0 | 1066.3
       Dungeon | 100.0 | 100.0 |  -nan | 100.0 | 100.0 | 1066.3
               +-------+-------+-------+-------+-------+----------------------
